Santa Cruz Tiger Sharks vs Atlantic City Gamblers
Created - Friday, May 19, 2023 at 07:04
Goals
|
| Santa Cruz Tiger Sharks |
3 |
1 |
3 |
7 |
| Atlantic City Gamblers |
0 |
3 |
1 |
4 |
|
Shots
|
| Santa Cruz Tiger Sharks |
13 |
13 |
17 |
43 |
| Atlantic City Gamblers |
8 |
7 |
14 |
29 |
|
1st period
1. Santa Cruz Tiger Sharks , Travis Boyd 27 (Michael McLeod 42, Jesper Boqvist 36) at 7:28
2. Santa Cruz Tiger Sharks , Alexander Volkov 16 (Kevin Rooney 19, Sean Day 12) at 15:14 (SH)
3. Santa Cruz Tiger Sharks , Kailer Yamamoto 28 (Jack Roslovic 46, Mikhail Berdin) at 17:33 (PP)
Penalties :
Jesper Boqvist (SCS) for High sticking (Minor) at 14:15, Luke Kunin (ACG) for Boarding (Minor) at 17:01
2nd period
4. Atlantic City Gamblers , Nils Hoglander 31 (Luke Kunin 50) at 0:04
5. Atlantic City Gamblers , Nils Hoglander 32 (Cody Glass 39) at 10:11
6. Santa Cruz Tiger Sharks , Kieffer Bellows 19 (Kevin Rooney 20, Hunter Drew 12) at 11:11
7. Atlantic City Gamblers , Luke Kunin 23 (Cody Glass 40) at 11:44 (PP)
Penalties :
Michael McLeod (SCS) for Roughing (Minor) at 2:49, Sean Day (SCS) for Roughing (Minor) at 11:38, Sean Day (SCS) for Hooking (Minor) at 14:14, Kailer Yamamoto (SCS) for Hooking (Minor) at 16:47, Ronald Attard (ACG) for Hooking (Minor) at 19:40
3rd period
8. Santa Cruz Tiger Sharks , Alexander Volkov 17 (Kieffer Bellows 19, Kevin Rooney 21) at 1:55
9. Santa Cruz Tiger Sharks , Jack Roslovic 30 (Kailer Yamamoto 37) at 7:32
10. Atlantic City Gamblers , Cody Glass 34 (Luke Kunin 51, Ty Smith 21) at 8:17
11. Santa Cruz Tiger Sharks , Wyatt Kalynuk 1 (Hunter Drew 13, Steven Lorentz 9) at 11:55
Penalties :
Kieffer Bellows (SCS) for Holding (Minor) at 7:04, Callan Foote (ACG) for Goalie Interference (Minor) at 7:28, Ty Smith (ACG) for Tripping (Minor) at 9:29, Michael Vukojevic (ACG) for Abuse of Officials (Major / Game Misconduct) at 19:31
Goalie Stats
Mikhail Berdin (SCS), 25 saves from 29 shots - (0.862), W, 14-7-2, 60:00 minutes
Isaiah Saville (ACG), 36 saves from 43 shots - (0.837), L, 9-12-3, 60:00 minutes
Players Stats for Santa Cruz Tiger Sharks
Player Name G A P +/- PIM S H SB GA TA FO MP PP MP PK MP
------------------------------------------------------------------------------------
Alexander Volkov 2 0 2 3 0 4 1 2 0 1 0/0 14:57 0:00 4:15
Austin Strand 0 0 0 2 0 4 0 1 0 3 0/0 23:04 2:43 3:57
Calle Rosen 0 0 0 1 0 1 1 0 0 0 0/0 22:56 2:40 4:27
David Gustafsson 0 0 0 1 0 8 1 0 0 1 4/6 12:16 0:00 4:00
Evgeny Svechnikov 0 0 0 1 0 0 0 0 1 0 0/0 8:16 0:00 0:00
Hunter Drew 0 2 2 0 0 0 2 0 0 0 0/0 14:00 0:00 0:02
Jack Roslovic 1 1 2 -1 0 4 0 1 0 1 7/17 15:22 2:35 0:00
Jesper Boqvist 0 1 1 0 2 5 0 0 1 1 0/0 16:26 2:48 0:11
Kailer Yamamoto 1 1 2 -1 2 5 1 1 2 1 0/1 15:57 2:35 0:00
Kevin Rooney 0 3 3 3 0 2 2 0 0 2 9/14 15:03 0:00 4:15
Kieffer Bellows 1 1 2 2 2 1 1 1 0 0 0/0 11:02 0:25 0:00
Michael McLeod 0 1 1 0 2 0 1 0 0 0 10/17 16:37 2:48 0:00
Sean Day 0 1 1 1 4 0 3 3 1 0 0/0 22:02 2:40 3:39
Steven Lorentz 0 1 1 1 0 3 1 1 0 0 0/0 12:16 0:00 4:00
Tobias Bjornfot 0 0 0 2 0 1 1 1 0 2 0/0 23:04 2:43 3:57
Travis Boyd 1 0 1 0 0 4 0 0 2 0 1/1 15:03 2:48 0:00
Wyatt Kalynuk 1 0 1 0 0 1 0 0 0 1 0/0 14:52 0:00 0:50
Zach Sanford 0 0 0 -1 0 0 4 0 0 0 0/1 16:40 2:10 0:11
Players Stats for Atlantic City Gamblers
Player Name G A P +/- PIM S H SB GA TA FO MP PP MP PK MP
------------------------------------------------------------------------------------
Alex Beaucage 0 0 0 -1 0 3 1 0 0 0 0/0 11:28 0:07 0:00
Boris Katchouk 0 0 0 -1 0 3 4 0 1 0 1/3 16:50 3:54 0:00
Callan Foote 0 0 0 0 2 1 1 0 0 0 0/0 22:52 4:34 2:22
Cam Dineen 0 0 0 -2 0 0 1 2 1 2 0/0 23:16 3:51 2:36
Cody Glass 1 2 3 0 0 6 1 0 2 1 1/2 20:01 4:25 2:40
Egor Sokolov 0 0 0 -1 0 2 1 1 1 0 0/0 11:37 0:07 0:09
Jakub Lauko 0 0 0 -1 0 0 2 0 0 0 3/6 11:39 0:00 0:31
Jean-Luc Foudy 0 0 0 -1 0 1 1 0 1 0 6/12 16:50 3:54 0:00
Layton Ahac 0 0 0 -1 0 0 2 0 0 0 0/0 8:07 0:00 0:00
Luke Kunin 1 2 3 0 2 1 1 1 0 0 13/25 19:38 4:25 2:18
Michael Vukojevic 0 0 0 -2 15 2 0 0 0 0 0/0 14:59 0:00 2:01
Nick Henry 0 0 0 -1 0 0 1 0 0 0 1/2 8:27 0:07 0:00
Nils Hoglander 2 0 2 1 0 3 1 2 2 0 1/7 19:45 4:25 2:34
Ronald Attard 0 0 0 -2 2 3 3 4 1 2 0/0 22:02 3:51 1:23
Thomas Harley 0 0 0 -1 0 1 1 1 1 0 0/0 13:51 0:00 0:25
Ty Smith 0 1 1 0 2 2 1 1 1 2 0/0 23:00 4:35 1:47
Xavier Bernard 0 0 0 -1 0 0 1 0 0 0 0/0 8:19 0:00 0:12
Yegor Chinakhov 0 0 0 -1 0 1 0 0 2 0 0/0 20:15 3:54 2:34
3 Stars
1 - Alexander Volkov (SCS)
2 - Kevin Rooney (SCS)
3 - Nils Hoglander (ACG)
Power Play
Santa Cruz Tiger Sharks - 1 on 5 Attempt(s) - 20.00%
Atlantic City Gamblers - 1 on 6 Attempt(s) - 16.67%
Penalty Kill
Santa Cruz Tiger Sharks - 5 on 6 Attempt(s) - 83.33%
- Score 1 goal in Penalty Kill
Atlantic City Gamblers - 4 on 5 Attempt(s) - 80.00%
- Score 0 goal in Penalty Kill
Team Stat
Santa Cruz Tiger Sharks - Hits : 19 - Faceoff Wins : 31 - Blocked Shots : 11 - Penalty Minutes : 12
Atlantic City Gamblers - Hits : 23 - Faceoff Wins : 26 - Blocked Shots : 12 - Penalty Minutes : 23
Official
Referees : Garrett Rank and Frederick L'Ecuyer
Linesman : Scott Cherrey and Michel Cormier
Game Notes
Michael Vukojevic ejected from game at 19:31 of 3rd period
Michael Vukojevic from Atlantic City Gamblers is suspended for 1 game(s)
Santa Cruz Tiger Sharks
5 vs 5 Forward
Center Left Wing Right Wing Time % Phy DF OF
1 Jack Roslovic Zach Sanford Kailer Yamamoto 30 1 2 2
2 Michael McLeod Travis Boyd Jesper Boqvist 30 1 2 2
3 Kevin Rooney Kieffer Bellows Alexander Volkov 25 1 2 2
4 David Gustafsson Evgeny Svechnikov Steven Lorentz 15 1 2 2
5 vs 5 Defense
Defense Defense Time % Phy DF OF
1 Tobias Bjornfot Austin Strand 35 1 2 2
2 Calle Rosen Sean Day 35 1 2 2
3 Hunter Drew Wyatt Kalynuk 30 1 2 2
4 Tobias Bjornfot Austin Strand 0 1 2 2
PowerPlay Forward
Center Left Wing Right Wing Time % Phy DF OF
1 Jack Roslovic Zach Sanford Kailer Yamamoto 50 1 2 2
2 Michael McLeod Travis Boyd Jesper Boqvist 50 1 2 2
PowerPlay Defense
Defense Defense Time % Phy DF OF
1 Tobias Bjornfot Austin Strand 50 1 2 2
2 Calle Rosen Sean Day 50 1 2 2
Penalty Kill 4 Players Forward
Center Wing Time % Phy DF OF
1 Kevin Rooney Alexander Volkov 50 1 2 2
2 David Gustafsson Steven Lorentz 50 1 2 2
Penalty Kill 4 Players Defense
Defense Defense Time % Phy DF OF
1 Tobias Bjornfot Austin Strand 50 1 2 2
2 Calle Rosen Sean Day 50 1 2 2
Penalty Kill - 3 Players Forward
Forward Time % Phy DF OF
1 Kevin Rooney 50 1 2 2
2 David Gustafsson 50 1 2 2
Penalty Kill - 3 Players Defense
Defense Defense Time % Phy DF OF
1 Tobias Bjornfot Austin Strand 50 1 2 2
2 Calle Rosen Sean Day 50 1 2 2
4 vs 4 Forward
Center Wing Time % Phy DF OF
1 Jack Roslovic Kailer Yamamoto 50 1 2 2
2 Michael McLeod Zach Sanford 50 1 2 2
4 vs 4 Defense
Defense Defense Time % Phy DF OF
1 Tobias Bjornfot Austin Strand 50 1 2 2
2 Calle Rosen Sean Day 50 1 2 2
Last Minutes Offensive
Center Left Wing Right Wing Defense Defense
Jack Roslovic Zach Sanford Kailer Yamamoto Tobias Bjornfot Austin Strand
Last Minutes Defensive
Center Left Wing Right Wing Defense Defense
Kevin Rooney David Gustafsson Alexander Volkov Tobias Bjornfot Austin Strand
Goaltenders
Starting : Mikhail Berdin
Backup : Carter Hart
Extra Forwards
Normal : David Gustafsson, Kevin Rooney, Alexander Volkov - PP : David Gustafsson, Kevin Rooney - PK : Alexander Volkov
Extra Defensemen
Normal : Hunter Drew, Wyatt Kalynuk, Calle Rosen - PP : Hunter Drew - PK : Wyatt Kalynuk, Calle Rosen
Penalty Shots
Jack Roslovic, Kailer Yamamoto, Michael McLeod, Zach Sanford, Travis Boyd
Atlantic City Gamblers
5 vs 5 Forward
Center Left Wing Right Wing Time % Phy DF OF
1 Luke Kunin Nils Hoglander Cody Glass 30 1 2 2
2 Jean-Luc Foudy Boris Katchouk Yegor Chinakhov 30 1 2 2
3 Jakub Lauko Egor Sokolov Alex Beaucage 25 1 2 2
4 Nick Henry Layton Ahac Xavier Bernard 15 1 2 2
5 vs 5 Defense
Defense Defense Time % Phy DF OF
1 Ty Smith Callan Foote 35 1 2 2
2 Ronald Attard Cam Dineen 35 1 2 2
3 Thomas Harley Michael Vukojevic 30 1 2 2
4 Ty Smith Callan Foote 0 1 2 2
PowerPlay Forward
Center Left Wing Right Wing Time % Phy DF OF
1 Luke Kunin Nils Hoglander Cody Glass 50 1 2 2
2 Jean-Luc Foudy Boris Katchouk Yegor Chinakhov 50 1 2 2
PowerPlay Defense
Defense Defense Time % Phy DF OF
1 Ty Smith Callan Foote 50 1 2 2
2 Ronald Attard Cam Dineen 50 1 2 2
Penalty Kill 4 Players Forward
Center Wing Time % Phy DF OF
1 Luke Kunin Cody Glass 50 1 2 2
2 Nils Hoglander Yegor Chinakhov 50 1 2 2
Penalty Kill 4 Players Defense
Defense Defense Time % Phy DF OF
1 Ty Smith Callan Foote 50 1 2 2
2 Ronald Attard Cam Dineen 50 1 2 2
Penalty Kill - 3 Players Forward
Forward Time % Phy DF OF
1 Luke Kunin 50 1 2 2
2 Cody Glass 50 1 2 2
Penalty Kill - 3 Players Defense
Defense Defense Time % Phy DF OF
1 Ty Smith Callan Foote 50 1 2 2
2 Ronald Attard Cam Dineen 50 1 2 2
4 vs 4 Forward
Center Wing Time % Phy DF OF
1 Luke Kunin Cody Glass 50 1 2 2
2 Nils Hoglander Yegor Chinakhov 50 1 2 2
4 vs 4 Defense
Defense Defense Time % Phy DF OF
1 Ty Smith Callan Foote 50 1 2 2
2 Ronald Attard Cam Dineen 50 1 2 2
Last Minutes Offensive
Center Left Wing Right Wing Defense Defense
Luke Kunin Nils Hoglander Cody Glass Ty Smith Callan Foote
Last Minutes Defensive
Center Left Wing Right Wing Defense Defense
Luke Kunin Nils Hoglander Cody Glass Ty Smith Callan Foote
Goaltenders
Starting : Isaiah Saville
Backup : Tuukka Rask
Extra Forwards
Normal : Egor Sokolov, Alex Beaucage, Jakub Lauko - PP : Egor Sokolov, Alex Beaucage - PK : Jakub Lauko
Extra Defensemen
Normal : Thomas Harley, Michael Vukojevic, Xavier Bernard - PP : Thomas Harley - PK : Michael Vukojevic, Xavier Bernard
Penalty Shots
Luke Kunin, Cody Glass, Nils Hoglander, Yegor Chinakhov, Boris Katchouk
% Time on Ice - Santa Cruz Tiger Sharks
Lines # - Real PCT - Wanted PCT - Time Play
Normal Forward
1 - 29% - 30% - 12:52
2 - 29% - 30% - 12:51
3 - 24% - 25% - 10:37
4 - 19% - 15% - 8:16
Normal Defense
1 - 34% - 35% - 15:20
2 - 34% - 35% - 15:21
3 - 31% - 30% - 13:55
4 - 0% - 0% - 0:00
PP Forward
1 - 48% - 50% - 2:35
2 - 52% - 50% - 2:48
PP Defense
1 - 50% - 50% - 2:43
2 - 50% - 50% - 2:40
PK Forward
1 - 52% - 50% - 4:25
2 - 48% - 50% - 4:01
PK Defense
1 - 47% - 50% - 3:59
2 - 53% - 50% - 4:27
PK3 Forward
1 - 0% - 50%
2 - 0% - 50%
PK3 Defense
1 - 0% - 50%
2 - 0% - 50%
44 Forward
1 - 31% - 50% - 0:29
2 - 69% - 50% - 1:06
44 Defense
1 - 71% - 50% - 1:07
2 - 29% - 50% - 0:28
Last Minute Offensive - 0:00
Last Minute Defensive - 0:00
Total
Forward - 60:00
Defense - 60:00
|
% Time on Ice - Atlantic City Gamblers
Lines # - Real PCT - Wanted PCT - Time Play
Normal Forward
1 - 27% - 30% - 12:11
2 - 30% - 30% - 13:10
3 - 25% - 25% - 11:08
4 - 18% - 15% - 8:07
Normal Defense
1 - 35% - 35% - 15:39
2 - 36% - 35% - 15:56
3 - 29% - 30% - 12:43
4 - 1% - 0% - 0:18
PP Forward
1 - 52% - 50% - 4:25
2 - 48% - 50% - 4:01
PP Defense
1 - 54% - 50% - 4:35
2 - 46% - 50% - 3:51
PK Forward
1 - 52% - 50% - 2:49
2 - 48% - 50% - 2:34
PK Defense
1 - 52% - 50% - 2:47
2 - 48% - 50% - 2:36
PK3 Forward
1 - 0% - 50%
2 - 0% - 50%
PK3 Defense
1 - 0% - 50%
2 - 0% - 50%
44 Forward
1 - 47% - 50% - 0:45
2 - 53% - 50% - 0:50
44 Defense
1 - 44% - 50% - 0:42
2 - 56% - 50% - 0:53
Last Minute Offensive - 0:00
Last Minute Defensive - 0:00
Total
Forward - 60:00
Defense - 60:00
|
Play-by-Play
1st period
0:01 of 1st period - Luke Kunin wins face-off versus Jack Roslovic in neutral zone.
0:06 of 1st period - Wrist shot by Luke Kunin.
0:06 of 1st period - Shot Misses the Net.
0:37 of 1st period - Wrist shot by Travis Boyd.
0:37 of 1st period - Stopped by Isaiah Saville with a rebound.
1:30 of 1st period - Slapshot by Nils Hoglander.
1:30 of 1st period - Shot Blocked by Sean Day.
1:40 of 1st period - Backhand shot by David Gustafsson.
1:40 of 1st period - Shot Misses the Net.
1:42 of 1st period - Backhand shot by Sean Day.
1:42 of 1st period - Shot Misses the Net.
2:05 of 1st period - Snap shot by Steven Lorentz.
2:05 of 1st period - Stopped by Isaiah Saville without a rebound.
2:06 of 1st period - Jean-Luc Foudy wins face-off versus Michael McLeod in Atlantic City Gamblers zone.
2:13 of 1st period - Michael Vukojevic is hit by Hunter Drew and loses puck.
3:24 of 1st period - Jack Roslovic is hit by Jakub Lauko and loses puck.
3:57 of 1st period - Michael McLeod is hit by Xavier Bernard and loses puck.
4:31 of 1st period - Backhand shot by Ronald Attard.
4:31 of 1st period - Stopped by Mikhail Berdin without a rebound.
4:32 of 1st period - Jack Roslovic wins face-off versus Boris Katchouk in Santa Cruz Tiger Sharks zone.
4:47 of 1st period - Snap shot by Jack Roslovic.
4:47 of 1st period - Stopped by Isaiah Saville with a rebound.
5:04 of 1st period - Michael McLeod is hit by Alex Beaucage and loses puck.
5:48 of 1st period - Icing by Wyatt Kalynuk.
5:49 of 1st period - Kevin Rooney wins face-off versus Jean-Luc Foudy in Santa Cruz Tiger Sharks zone.
6:17 of 1st period - Wrist shot by Boris Katchouk.
6:17 of 1st period - Stopped by Mikhail Berdin with a rebound.
6:19 of 1st period - Slapshot by Ty Smith.
6:19 of 1st period - Stopped by Mikhail Berdin with a rebound.
6:21 of 1st period - Snap shot by Jean-Luc Foudy.
6:21 of 1st period - Deflect By Kieffer Bellows.
6:21 of 1st period - Shot Misses the Net.
6:21 of 1st period - Puck is out of play.
6:22 of 1st period - Jakub Lauko wins face-off versus Jack Roslovic in Santa Cruz Tiger Sharks zone.
6:23 of 1st period - Slapshot by Egor Sokolov.
6:23 of 1st period - Stopped by Mikhail Berdin with a rebound.
6:29 of 1st period - Snap shot by Jack Roslovic.
6:29 of 1st period - Stopped by Isaiah Saville with a rebound.
6:41 of 1st period - Thomas Harley is hit by Sean Day and loses puck.
7:02 of 1st period - Wrist shot by Egor Sokolov.
7:02 of 1st period - Shot Blocked by Steven Lorentz.
7:22 of 1st period - Wrist shot by Jesper Boqvist.
7:22 of 1st period - Shot Misses the Net.
7:26 of 1st period - Snap shot by Travis Boyd.
7:26 of 1st period - Shot Misses the Net.
7:28 of 1st period - Snap shot by Travis Boyd.
7:28 of 1st period - Goal by Travis Boyd - Santa Cruz Tiger Sharks : 1 - Atlantic City Gamblers : 0.
7:29 of 1st period - Luke Kunin wins face-off versus Jack Roslovic in neutral zone.
8:00 of 1st period - Snap shot by Travis Boyd.
8:00 of 1st period - Shot Blocked by Ronald Attard.
8:24 of 1st period - Slapshot by Alexander Volkov.
8:24 of 1st period - Stopped by Isaiah Saville with a rebound.
9:06 of 1st period - Snap shot by Kailer Yamamoto.
9:06 of 1st period - Shot Misses the Net.
9:08 of 1st period - Snap shot by Zach Sanford.
9:08 of 1st period - Shot Misses the Net.
9:10 of 1st period - Wrist shot by Kailer Yamamoto.
9:10 of 1st period - Stopped by Isaiah Saville with a rebound.
9:22 of 1st period - Thomas Harley is hit by Hunter Drew and loses puck.
10:47 of 1st period - Callan Foote is hit by Sean Day and loses puck.
11:47 of 1st period - Nils Hoglander is hit by Michael McLeod and loses puck.
12:28 of 1st period - Snap shot by Ronald Attard.
12:28 of 1st period - Stopped by Mikhail Berdin with a rebound.
12:30 of 1st period - Slapshot by Alex Beaucage.
12:30 of 1st period - Stopped by Mikhail Berdin with a rebound.
12:32 of 1st period - Slapshot by Ronald Attard.
12:32 of 1st period - Stopped by Mikhail Berdin without a rebound.
12:33 of 1st period - Luke Kunin wins face-off versus Michael McLeod in Santa Cruz Tiger Sharks zone.
12:36 of 1st period - Wrist shot by Cody Glass.
12:36 of 1st period - Deflect By Michael McLeod.
12:36 of 1st period - Stopped by Mikhail Berdin with a rebound.
12:59 of 1st period - Yegor Chinakhov is hit by Zach Sanford and loses puck.
13:22 of 1st period - Snap shot by Kailer Yamamoto.
13:22 of 1st period - Shot Misses the Net.
13:37 of 1st period - Icing by Callan Foote.
13:38 of 1st period - Michael McLeod wins face-off versus Jakub Lauko in Atlantic City Gamblers zone.
13:39 of 1st period - Wrist shot by Jesper Boqvist.
13:39 of 1st period - Stopped by Isaiah Saville without a rebound.
13:40 of 1st period - Luke Kunin wins face-off versus Michael McLeod in Atlantic City Gamblers zone.
13:47 of 1st period - Snap shot by Jesper Boqvist.
13:47 of 1st period - Shot Blocked by Nils Hoglander.
13:49 of 1st period - Slapshot by Tobias Bjornfot.
13:49 of 1st period - Shot Blocked by Nils Hoglander.
14:15 of 1st period - Minor Penalty to Jesper Boqvist for High sticking.
14:16 of 1st period - Kevin Rooney wins face-off versus Luke Kunin in Santa Cruz Tiger Sharks zone.
14:50 of 1st period - Snap shot by Steven Lorentz.
14:50 of 1st period - Shot Misses the Net.
14:56 of 1st period - David Gustafsson is hit by Boris Katchouk and loses puck.
15:10 of 1st period - Snap shot by Sean Day.
15:10 of 1st period - Shot Blocked by Luke Kunin.
15:12 of 1st period - Snap shot by Kevin Rooney.
15:12 of 1st period - Stopped by Isaiah Saville with a rebound.
15:14 of 1st period - Slapshot by Alexander Volkov.
15:14 of 1st period - Goal by Alexander Volkov - Santa Cruz Tiger Sharks : 2 - Atlantic City Gamblers : 0.
15:15 of 1st period - Kevin Rooney wins face-off versus Jean-Luc Foudy in neutral zone.
16:15 of 1st period - Penalty to Jesper Boqvist is over, Jesper Boqvist is back on ice.
17:01 of 1st period - Minor Penalty to Luke Kunin for Boarding.
17:02 of 1st period - Jack Roslovic wins face-off versus Jakub Lauko in Atlantic City Gamblers zone.
17:33 of 1st period - Slapshot by Kailer Yamamoto.
17:33 of 1st period - Goal by Kailer Yamamoto - Santa Cruz Tiger Sharks : 3 - Atlantic City Gamblers : 0.
17:34 of 1st period - Luke Kunin wins face-off versus Michael McLeod in neutral zone.
17:59 of 1st period - Jack Roslovic is hit by Boris Katchouk and loses puck.
18:50 of 1st period - Sean Day is hit by Cam Dineen and loses puck.
18:58 of 1st period - Icing by Sean Day.
18:59 of 1st period - Luke Kunin wins face-off versus David Gustafsson in Santa Cruz Tiger Sharks zone.
19:08 of 1st period - Snap shot by David Gustafsson.
19:08 of 1st period - Shot Misses the Net.
19:10 of 1st period - Wrist shot by David Gustafsson.
19:10 of 1st period - Shot Misses the Net.
19:12 of 1st period - Wrist shot by Steven Lorentz.
19:12 of 1st period - Stopped by Isaiah Saville with a rebound.
19:14 of 1st period - Snap shot by David Gustafsson.
19:14 of 1st period - Stopped by Isaiah Saville with a rebound.
Goals for this period are 3 for Santa Cruz Tiger Sharks vs 0 for Atlantic City Gamblers.
Shots for this period are 13 for Santa Cruz Tiger Sharks vs 8 for Atlantic City Gamblers.
2nd period
0:01 of 2nd period - Luke Kunin wins face-off versus Jack Roslovic in neutral zone.
0:04 of 2nd period - Wrist shot by Nils Hoglander.
0:04 of 2nd period - Goal by Nils Hoglander - Santa Cruz Tiger Sharks : 3 - Atlantic City Gamblers : 1.
0:05 of 2nd period - Luke Kunin wins face-off versus Zach Sanford in neutral zone.
0:20 of 2nd period - Slapshot by Jack Roslovic.
0:20 of 2nd period - Shot Blocked by Ty Smith.
0:32 of 2nd period - Icing by Alexander Volkov.
0:33 of 2nd period - Jean-Luc Foudy wins face-off versus Kevin Rooney in Santa Cruz Tiger Sharks zone.
0:38 of 2nd period - Backhand shot by Yegor Chinakhov.
0:38 of 2nd period - Stopped by Mikhail Berdin with a rebound.
0:40 of 2nd period - Snap shot by Jean-Luc Foudy.
0:40 of 2nd period - Stopped by Mikhail Berdin without a rebound.
0:41 of 2nd period - Boris Katchouk wins face-off versus Kailer Yamamoto in Santa Cruz Tiger Sharks zone.
1:32 of 2nd period - Snap shot by Kailer Yamamoto.
1:32 of 2nd period - Stopped by Isaiah Saville without a rebound.
1:33 of 2nd period - Luke Kunin wins face-off versus Michael McLeod in Atlantic City Gamblers zone.
1:44 of 2nd period - Snap shot by Cody Glass.
1:44 of 2nd period - Stopped by Mikhail Berdin with a rebound.
2:00 of 2nd period - Jean-Luc Foudy is hit by Kieffer Bellows and loses puck.
2:27 of 2nd period - Snap shot by David Gustafsson.
2:27 of 2nd period - Stopped by Isaiah Saville without a rebound.
2:28 of 2nd period - Michael McLeod wins face-off versus Luke Kunin in Atlantic City Gamblers zone.
2:49 of 2nd period - Minor Penalty to Michael McLeod for Roughing.
2:50 of 2nd period - Kevin Rooney wins face-off versus Luke Kunin in Santa Cruz Tiger Sharks zone.
3:01 of 2nd period - Tobias Bjornfot is hit by Ronald Attard and loses puck.
4:49 of 2nd period - Penalty to Michael McLeod is over, Michael McLeod is back on ice.
5:06 of 2nd period - Wyatt Kalynuk is hit by Nick Henry.
5:10 of 2nd period - Cam Dineen is hit by Zach Sanford and loses puck.
7:25 of 2nd period - Layton Ahac is hit by Kevin Rooney and loses puck.
7:59 of 2nd period - Snap shot by Yegor Chinakhov.
7:59 of 2nd period - Shot Blocked by Sean Day.
8:09 of 2nd period - Layton Ahac is hit by Zach Sanford and loses puck.
9:32 of 2nd period - Steven Lorentz is hit by Thomas Harley and loses puck.
10:04 of 2nd period - Jesper Boqvist is hit by Cody Glass and loses puck.
10:11 of 2nd period - Wrist shot by Nils Hoglander.
10:11 of 2nd period - Goal by Nils Hoglander - Santa Cruz Tiger Sharks : 3 - Atlantic City Gamblers : 2.
10:12 of 2nd period - Michael McLeod wins face-off versus Luke Kunin in neutral zone.
10:15 of 2nd period - Luke Kunin is hit by Calle Rosen and loses puck.
10:38 of 2nd period - Jesper Boqvist is hit by Jakub Lauko and loses puck.
10:45 of 2nd period - Wrist shot by Travis Boyd.
10:45 of 2nd period - Stopped by Isaiah Saville with a rebound.
11:05 of 2nd period - Snap shot by Alexander Volkov.
11:05 of 2nd period - Stopped by Isaiah Saville with a rebound.
11:07 of 2nd period - Slapshot by Hunter Drew.
11:07 of 2nd period - Shot Misses the Net.
11:09 of 2nd period - Wrist shot by Kevin Rooney.
11:09 of 2nd period - Shot Misses the Net.
11:11 of 2nd period - Snap shot by Kieffer Bellows.
11:11 of 2nd period - Goal by Kieffer Bellows - Santa Cruz Tiger Sharks : 4 - Atlantic City Gamblers : 2.
11:12 of 2nd period - Kevin Rooney wins face-off versus Luke Kunin in neutral zone.
11:38 of 2nd period - Minor Penalty to Sean Day for Roughing.
11:39 of 2nd period - Luke Kunin wins face-off versus Kevin Rooney in Santa Cruz Tiger Sharks zone.
11:44 of 2nd period - Slapshot by Luke Kunin.
11:44 of 2nd period - Goal by Luke Kunin - Santa Cruz Tiger Sharks : 4 - Atlantic City Gamblers : 3.
11:45 of 2nd period - Luke Kunin wins face-off versus Jack Roslovic in neutral zone.
11:56 of 2nd period - Snap shot by Luke Kunin.
11:56 of 2nd period - Shot Blocked by Austin Strand.
12:57 of 2nd period - Steven Lorentz is hit by Layton Ahac and loses puck.
13:30 of 2nd period - Snap shot by Jean-Luc Foudy.
13:30 of 2nd period - Shot Misses the Net.
13:32 of 2nd period - Snap shot by Boris Katchouk.
13:32 of 2nd period - Shot Misses the Net.
13:34 of 2nd period - Wrist shot by Boris Katchouk.
13:34 of 2nd period - Stopped by Mikhail Berdin without a rebound.
13:35 of 2nd period - Jean-Luc Foudy wins face-off versus Michael McLeod in Santa Cruz Tiger Sharks zone.
13:52 of 2nd period - Wrist shot by Jesper Boqvist.
13:52 of 2nd period - Stopped by Isaiah Saville with a rebound.
14:02 of 2nd period - Sean Day is hit by Callan Foote and loses puck.
14:14 of 2nd period - Minor Penalty to Sean Day for Hooking.
14:15 of 2nd period - Kevin Rooney wins face-off versus Luke Kunin in Santa Cruz Tiger Sharks zone.
14:43 of 2nd period - Wrist shot by Alexander Volkov.
14:43 of 2nd period - Shot Misses the Net.
14:45 of 2nd period - Slapshot by Austin Strand.
14:45 of 2nd period - Deflect By Yegor Chinakhov.
14:45 of 2nd period - Stopped by Isaiah Saville without a rebound.
14:46 of 2nd period - Kevin Rooney wins face-off versus Jean-Luc Foudy in Atlantic City Gamblers zone.
15:09 of 2nd period - Kevin Rooney is hit by Ty Smith and loses puck.
15:18 of 2nd period - Luke Kunin is hit by Alexander Volkov and loses puck.
15:35 of 2nd period - Jean-Luc Foudy is hit by Steven Lorentz and loses puck.
15:54 of 2nd period - Cam Dineen is hit by David Gustafsson and loses puck.
16:14 of 2nd period - Penalty to Sean Day is over, Sean Day is back on ice.
16:17 of 2nd period - Icing by Callan Foote.
16:18 of 2nd period - Jean-Luc Foudy wins face-off versus Jack Roslovic in Atlantic City Gamblers zone.
16:18 of 2nd period - Jean-Luc Foudy is hit by Kailer Yamamoto.
16:34 of 2nd period - Jack Roslovic is hit by Layton Ahac and loses puck.
16:47 of 2nd period - Minor Penalty to Kailer Yamamoto for Hooking.
16:48 of 2nd period - David Gustafsson wins face-off versus Jean-Luc Foudy in Santa Cruz Tiger Sharks zone.
17:29 of 2nd period - Slapshot by Calle Rosen.
17:29 of 2nd period - Stopped by Isaiah Saville with a rebound.
18:47 of 2nd period - Penalty to Kailer Yamamoto is over, Kailer Yamamoto is back on ice.
19:00 of 2nd period - Wrist shot by Jesper Boqvist.
19:00 of 2nd period - Shot Misses the Net.
19:02 of 2nd period - Snap shot by Sean Day.
19:02 of 2nd period - Shot Misses the Net.
19:04 of 2nd period - Snap shot by Jesper Boqvist.
19:04 of 2nd period - Stopped by Isaiah Saville with a rebound.
19:22 of 2nd period - Wrist shot by Kailer Yamamoto.
19:22 of 2nd period - Stopped by Isaiah Saville without a rebound.
19:23 of 2nd period - David Gustafsson wins face-off versus Nick Henry in Atlantic City Gamblers zone.
19:24 of 2nd period - Slapshot by Steven Lorentz.
19:24 of 2nd period - Stopped by Isaiah Saville with a rebound.
19:32 of 2nd period - Snap shot by David Gustafsson.
19:32 of 2nd period - Stopped by Isaiah Saville with a rebound.
19:40 of 2nd period - Minor Penalty to Ronald Attard for Hooking.
19:41 of 2nd period - Michael McLeod wins face-off versus Nils Hoglander in Atlantic City Gamblers zone.
19:46 of 2nd period - Snap shot by Travis Boyd.
19:46 of 2nd period - Shot Misses the Net.
19:48 of 2nd period - Slapshot by Austin Strand.
19:48 of 2nd period - Stopped by Isaiah Saville with a rebound.
19:52 of 2nd period - Wrist shot by Jesper Boqvist.
19:52 of 2nd period - Shot Misses the Net.
19:54 of 2nd period - Snap shot by Travis Boyd.
19:54 of 2nd period - Shot Misses the Net.
Goals for this period are 1 for Santa Cruz Tiger Sharks vs 3 for Atlantic City Gamblers.
Shots for this period are 13 for Santa Cruz Tiger Sharks vs 7 for Atlantic City Gamblers.
3rd period
0:01 of 3rd period - Luke Kunin wins face-off versus Michael McLeod in neutral zone.
0:30 of 3rd period - Wrist shot by Nils Hoglander.
0:30 of 3rd period - Stopped by Mikhail Berdin without a rebound.
0:31 of 3rd period - Jack Roslovic wins face-off versus Nils Hoglander in Santa Cruz Tiger Sharks zone.
0:44 of 3rd period - Wrist shot by Kailer Yamamoto.
0:44 of 3rd period - Shot Misses the Net.
0:46 of 3rd period - Wrist shot by Jack Roslovic.
0:46 of 3rd period - Shot Misses the Net.
1:40 of 3rd period - Penalty to Ronald Attard is over, Ronald Attard is back on ice.
1:53 of 3rd period - Snap shot by Alexander Volkov.
1:53 of 3rd period - Shot Misses the Net.
1:55 of 3rd period - Snap shot by Alexander Volkov.
1:55 of 3rd period - Goal by Alexander Volkov - Santa Cruz Tiger Sharks : 5 - Atlantic City Gamblers : 3.
1:56 of 3rd period - Jean-Luc Foudy wins face-off versus Kevin Rooney in neutral zone.
2:36 of 3rd period - Snap shot by Michael McLeod.
2:36 of 3rd period - Deflect By Travis Boyd.
2:36 of 3rd period - Shot Misses the Net.
2:36 of 3rd period - Puck is out of play.
2:37 of 3rd period - Cody Glass wins face-off versus Jack Roslovic in Atlantic City Gamblers zone.
2:50 of 3rd period - Snap shot by Cody Glass.
2:50 of 3rd period - Shot Blocked by Sean Day.
2:55 of 3rd period - Icing by Calle Rosen.
2:56 of 3rd period - Jack Roslovic wins face-off versus Jean-Luc Foudy in Santa Cruz Tiger Sharks zone.
3:07 of 3rd period - Snap shot by Jack Roslovic.
3:07 of 3rd period - Stopped by Isaiah Saville with a rebound.
3:19 of 3rd period - Sean Day is hit by Nils Hoglander and loses puck.
3:40 of 3rd period - Snap shot by Egor Sokolov.
3:40 of 3rd period - Shot Misses the Net.
3:50 of 3rd period - Wrist shot by Alexander Volkov.
3:50 of 3rd period - Shot Misses the Net.
4:21 of 3rd period - Ronald Attard is hit by Tobias Bjornfot and loses puck.
4:28 of 3rd period - Wrist shot by Evgeny Svechnikov.
4:28 of 3rd period - Shot Misses the Net.
4:30 of 3rd period - Slapshot by Wyatt Kalynuk.
4:30 of 3rd period - Shot Blocked by Cam Dineen.
4:32 of 3rd period - Snap shot by David Gustafsson.
4:32 of 3rd period - Stopped by Isaiah Saville without a rebound.
4:33 of 3rd period - Kevin Rooney wins face-off versus Luke Kunin in Atlantic City Gamblers zone.
4:34 of 3rd period - Wrist shot by Kieffer Bellows.
4:34 of 3rd period - Shot Misses the Net.
4:42 of 3rd period - Wrist shot by Alexander Volkov.
4:42 of 3rd period - Shot Misses the Net.
4:58 of 3rd period - Wyatt Kalynuk is hit by Jean-Luc Foudy and loses puck.
5:19 of 3rd period - Wrist shot by Egor Sokolov.
5:19 of 3rd period - Deflect By Alex Beaucage.
5:19 of 3rd period - Stopped by Mikhail Berdin with a rebound.
5:25 of 3rd period - Thomas Harley is hit by Zach Sanford and loses puck.
5:40 of 3rd period - Snap shot by Evgeny Svechnikov.
5:40 of 3rd period - Shot Misses the Net.
5:42 of 3rd period - Slapshot by Austin Strand.
5:42 of 3rd period - Stopped by Isaiah Saville with a rebound.
5:44 of 3rd period - Wrist shot by Evgeny Svechnikov.
5:44 of 3rd period - Deflect By David Gustafsson.
5:44 of 3rd period - Stopped by Isaiah Saville without a rebound.
5:45 of 3rd period - Kevin Rooney wins face-off versus Luke Kunin in Atlantic City Gamblers zone.
5:50 of 3rd period - Snap shot by Kevin Rooney.
5:50 of 3rd period - Stopped by Isaiah Saville with a rebound.
5:59 of 3rd period - Off-side.
6:00 of 3rd period - Jack Roslovic wins face-off versus Boris Katchouk in neutral zone.
6:03 of 3rd period - Backhand shot by Kailer Yamamoto.
6:03 of 3rd period - Stopped by Isaiah Saville with a rebound.
6:05 of 3rd period - Snap shot by Zach Sanford.
6:05 of 3rd period - Shot Blocked by Cam Dineen.
6:49 of 3rd period - Cam Dineen is hit by Kevin Rooney and loses puck.
6:58 of 3rd period - Snap shot by Nils Hoglander.
6:58 of 3rd period - Shot Misses the Net.
7:04 of 3rd period - Minor Penalty to Kieffer Bellows for Holding.
7:05 of 3rd period - David Gustafsson wins face-off versus Luke Kunin in Santa Cruz Tiger Sharks zone.
7:28 of 3rd period - Minor Penalty to Callan Foote for Goalie Interference.
7:29 of 3rd period - Jack Roslovic wins face-off versus Luke Kunin in Atlantic City Gamblers zone.
7:32 of 3rd period - Wrist shot by Jack Roslovic.
7:32 of 3rd period - Goal by Jack Roslovic - Santa Cruz Tiger Sharks : 6 - Atlantic City Gamblers : 3.
7:33 of 3rd period - Michael McLeod wins face-off versus Nils Hoglander in neutral zone.
8:07 of 3rd period - Backhand shot by Luke Kunin.
8:07 of 3rd period - Deflect By Cody Glass.
8:07 of 3rd period - Shot Blocked by Jack Roslovic.
8:07 of 3rd period - Puck is out of play.
8:08 of 3rd period - Luke Kunin wins face-off versus Jack Roslovic in Santa Cruz Tiger Sharks zone.
8:11 of 3rd period - Slapshot by Cody Glass.
8:11 of 3rd period - Shot Misses the Net.
8:13 of 3rd period - Wrist shot by Thomas Harley.
8:13 of 3rd period - Shot Misses the Net.
8:15 of 3rd period - Slapshot by Ty Smith.
8:15 of 3rd period - Shot Misses the Net.
8:17 of 3rd period - Backhand shot by Luke Kunin.
8:17 of 3rd period - Deflect By Cody Glass.
8:17 of 3rd period - Goal by Cody Glass - Santa Cruz Tiger Sharks : 6 - Atlantic City Gamblers : 4.
8:18 of 3rd period - Michael McLeod wins face-off versus Nils Hoglander in neutral zone.
8:31 of 3rd period - Snap shot by Michael McLeod.
8:31 of 3rd period - Shot Blocked by Thomas Harley.
8:54 of 3rd period - Wrist shot by Cody Glass.
8:54 of 3rd period - Stopped by Mikhail Berdin with a rebound.
9:02 of 3rd period - Slapshot by Tobias Bjornfot.
9:02 of 3rd period - Deflect By Yegor Chinakhov.
9:02 of 3rd period - Stopped by Isaiah Saville without a rebound.
9:03 of 3rd period - Nils Hoglander wins face-off versus Jack Roslovic in Atlantic City Gamblers zone.
9:04 of 3rd period - Penalty to Kieffer Bellows is over, Kieffer Bellows is back on ice.
9:29 of 3rd period - Minor Penalty to Ty Smith for Tripping.
9:30 of 3rd period - Michael McLeod wins face-off versus Nils Hoglander in Atlantic City Gamblers zone.
9:38 of 3rd period - Snap shot by Jesper Boqvist.
9:38 of 3rd period - Stopped by Isaiah Saville with a rebound.
9:40 of 3rd period - Slapshot by Austin Strand.
9:40 of 3rd period - Stopped by Isaiah Saville with a rebound.
9:42 of 3rd period - Slapshot by Michael McLeod.
9:42 of 3rd period - Shot Misses the Net.
9:56 of 3rd period - Jack Roslovic is hit by Luke Kunin and loses puck.
11:29 of 3rd period - Penalty to Ty Smith is over, Ty Smith is back on ice.
11:51 of 3rd period - Snap shot by Steven Lorentz.
11:51 of 3rd period - Shot Misses the Net.
11:53 of 3rd period - Slapshot by Hunter Drew.
11:53 of 3rd period - Shot Misses the Net.
11:55 of 3rd period - Wrist shot by Wyatt Kalynuk.
11:55 of 3rd period - Goal by Wyatt Kalynuk - Santa Cruz Tiger Sharks : 7 - Atlantic City Gamblers : 4.
11:56 of 3rd period - Jack Roslovic wins face-off versus Luke Kunin in neutral zone.
12:22 of 3rd period - Tobias Bjornfot is hit by Boris Katchouk and loses puck.
12:29 of 3rd period - Snap shot by Boris Katchouk.
12:29 of 3rd period - Shot Misses the Net.
12:31 of 3rd period - Snap shot by Boris Katchouk.
12:31 of 3rd period - Shot Misses the Net.
12:33 of 3rd period - Slapshot by Thomas Harley.
12:33 of 3rd period - Shot Blocked by Kieffer Bellows.
12:35 of 3rd period - Slapshot by Thomas Harley.
12:35 of 3rd period - Deflect By Jean-Luc Foudy.
12:35 of 3rd period - Shot Blocked by Tobias Bjornfot.
12:35 of 3rd period - Puck is out of play.
12:36 of 3rd period - Michael McLeod wins face-off versus Jakub Lauko in Santa Cruz Tiger Sharks zone.
13:34 of 3rd period - Off-side.
13:35 of 3rd period - David Gustafsson wins face-off versus Cody Glass in neutral zone.
14:04 of 3rd period - Slapshot by Ty Smith.
14:04 of 3rd period - Stopped by Mikhail Berdin with a rebound.
14:06 of 3rd period - Wrist shot by Boris Katchouk.
14:06 of 3rd period - Shot Misses the Net.
14:08 of 3rd period - Snap shot by Boris Katchouk.
14:08 of 3rd period - Stopped by Mikhail Berdin without a rebound.
14:09 of 3rd period - Jean-Luc Foudy wins face-off versus Jack Roslovic in Santa Cruz Tiger Sharks zone.
14:39 of 3rd period - Kieffer Bellows is hit by Ronald Attard and loses puck.
14:58 of 3rd period - Tobias Bjornfot is hit by Ronald Attard and loses puck.
15:24 of 3rd period - David Gustafsson is hit by Egor Sokolov and loses puck.
15:37 of 3rd period - Snap shot by Callan Foote.
15:37 of 3rd period - Deflect By Jack Roslovic.
15:37 of 3rd period - Stopped by Mikhail Berdin with a rebound.
15:39 of 3rd period - Wrist shot by Layton Ahac.
15:39 of 3rd period - Shot Misses the Net.
15:41 of 3rd period - Slapshot by Ty Smith.
15:41 of 3rd period - Shot Misses the Net.
15:43 of 3rd period - Wrist shot by Xavier Bernard.
15:43 of 3rd period - Shot Misses the Net.
15:45 of 3rd period - Backhand shot by Ty Smith.
15:45 of 3rd period - Shot Blocked by Kailer Yamamoto.
16:01 of 3rd period - Slapshot by Nils Hoglander.
16:01 of 3rd period - Deflect By Cody Glass.
16:01 of 3rd period - Stopped by Mikhail Berdin with a rebound.
16:03 of 3rd period - Slapshot by Cody Glass.
16:03 of 3rd period - Stopped by Mikhail Berdin without a rebound.
16:04 of 3rd period - Jakub Lauko wins face-off versus Kevin Rooney in Santa Cruz Tiger Sharks zone.
16:05 of 3rd period - Snap shot by Egor Sokolov.
16:05 of 3rd period - Stopped by Mikhail Berdin with a rebound.
16:07 of 3rd period - Wrist shot by Michael Vukojevic.
16:07 of 3rd period - Deflect By Alexander Volkov.
16:07 of 3rd period - Stopped by Mikhail Berdin with a rebound.
16:09 of 3rd period - Slapshot by Thomas Harley.
16:09 of 3rd period - Shot Misses the Net.
16:11 of 3rd period - Snap shot by Egor Sokolov.
16:11 of 3rd period - Shot Misses the Net.
16:13 of 3rd period - Wrist shot by Alex Beaucage.
16:13 of 3rd period - Stopped by Mikhail Berdin with a rebound.
16:15 of 3rd period - Wrist shot by Jakub Lauko.
16:15 of 3rd period - Shot Misses the Net.
16:17 of 3rd period - Slapshot by Michael Vukojevic.
16:17 of 3rd period - Shot Misses the Net.
16:19 of 3rd period - Slapshot by Michael Vukojevic.
16:19 of 3rd period - Stopped by Mikhail Berdin without a rebound.
16:20 of 3rd period - Michael McLeod wins face-off versus Luke Kunin in Santa Cruz Tiger Sharks zone.
16:31 of 3rd period - Slapshot by Jesper Boqvist.
16:31 of 3rd period - Stopped by Isaiah Saville with a rebound.
16:33 of 3rd period - Slapshot by Sean Day.
16:33 of 3rd period - Shot Misses the Net.
16:35 of 3rd period - Slapshot by Sean Day.
16:35 of 3rd period - Deflect By Travis Boyd.
16:35 of 3rd period - Stopped by Isaiah Saville with a rebound.
16:45 of 3rd period - Ronald Attard is hit by Sean Day and loses puck.
17:04 of 3rd period - Snap shot by Egor Sokolov.
17:04 of 3rd period - Deflect By Kieffer Bellows.
17:04 of 3rd period - Shot Blocked by Alexander Volkov.
17:04 of 3rd period - Puck is out of play.
17:05 of 3rd period - Jakub Lauko wins face-off versus Kevin Rooney in Santa Cruz Tiger Sharks zone.
17:10 of 3rd period - Slapshot by Ty Smith.
17:10 of 3rd period - Shot Blocked by Alexander Volkov.
17:49 of 3rd period - Calle Rosen is hit by Boris Katchouk and loses puck.
18:10 of 3rd period - Slapshot by Thomas Harley.
18:10 of 3rd period - Stopped by Mikhail Berdin without a rebound.
18:11 of 3rd period - Nick Henry wins face-off versus David Gustafsson in Santa Cruz Tiger Sharks zone.
18:14 of 3rd period - Slapshot by Callan Foote.
18:14 of 3rd period - Shot Misses the Net.
18:16 of 3rd period - Wrist shot by Xavier Bernard.
18:16 of 3rd period - Shot Misses the Net.
19:04 of 3rd period - Slapshot by Ronald Attard.
19:04 of 3rd period - Shot Misses the Net.
19:14 of 3rd period - Snap shot by Evgeny Svechnikov.
19:14 of 3rd period - Shot Blocked by Ronald Attard.
19:16 of 3rd period - Slapshot by Wyatt Kalynuk.
19:16 of 3rd period - Shot Blocked by Ronald Attard.
19:18 of 3rd period - Snap shot by David Gustafsson.
19:18 of 3rd period - Stopped by Isaiah Saville with a rebound.
19:20 of 3rd period - Wrist shot by David Gustafsson.
19:20 of 3rd period - Stopped by Isaiah Saville with a rebound.
19:22 of 3rd period - Snap shot by Steven Lorentz.
19:22 of 3rd period - Shot Blocked by Egor Sokolov.
19:24 of 3rd period - Slapshot by Hunter Drew.
19:24 of 3rd period - Shot Blocked by Ronald Attard.
19:26 of 3rd period - Snap shot by David Gustafsson.
19:26 of 3rd period - Stopped by Isaiah Saville without a rebound.
19:27 of 3rd period - Michael McLeod wins face-off versus Jean-Luc Foudy in Atlantic City Gamblers zone.
19:31 of 3rd period - Major / Game Misconduct Penalty to Michael Vukojevic for Abuse of Officials.
19:31 of 3rd period - Michael Vukojevic is ejected from game.
19:32 of 3rd period - Travis Boyd wins face-off versus Nils Hoglander in Atlantic City Gamblers zone.
Goals for this period are 3 for Santa Cruz Tiger Sharks vs 1 for Atlantic City Gamblers.
Shots for this period are 17 for Santa Cruz Tiger Sharks vs 14 for Atlantic City Gamblers.
Back to the Top